 Dungeon Crawl Stone Soup version 0.30-a0-722-g3e6e8c874d (webtiles) character file.

Game seed: 16717716851792734795

60 hbarley the Trooper (level 4, -1/44 HPs)
             Began as a Ghoul Wanderer on Jan 28, 2023.
             Slain by an orc wizard
             ... wielding a +0 dagger
              (3 damage)
             ... on level 3 of the Dungeon.
             The game lasted 00:06:55 (1924 turns).

hbarley the Trooper (Ghoul Wanderer)                Turns: 1924, Time: 00:06:56

Health: -1/44      AC:  5    Str: 16    XL:     4   Next: 6%
Magic:  3/3        EV: 10    Int:  4    God:
Gold:   127        SH:  6    Dex: 12    Spells: 3/3 levels left

rFire   . . .      SeeInvis .    a - +0 club
rCold   + . .      Faith    .    f - +2 buckler
rNeg    + + +      Spirit   .    e - +0 leather armour
rPois   ∞          Reflect  .    (no helmet)
rElec   .          Harm     .    c - +0 cloak
rCorr   .          Rampage  .    l - +0 pair of gloves
Will    +....                    (no boots)
Stlth   +                        (no amulet)
HPRegen 0.00/turn                g - ring of willpower
MPRegen 0.08/turn                (no ring)

@: inhibited regen
A: claws 1, cold resistance 1, negative energy resistance 3, inhibited
regeneration, torment resistance 2, devour on kill
a: no special abilities


You were on level 3 of the Dungeon.
You visited 1 branch of the dungeon, and saw 3 of its levels.

You collected 127 gold pieces.

Inventory:

Hand Weapons
 a - a +0 club (weapon)
Armour
 c - a +0 cloak (worn)
 e - a +0 leather armour (worn)
 f - a +2 buckler (worn)
 l - a +0 pair of gloves (worn)
Jewellery
 g - a ring of willpower (left hand)
 m - an amulet of reflection
Scrolls
 b - a scroll of fog
 d - a scroll of teleportation
 h - 2 scrolls of blinking {unknown}
 i - a scroll of silence {unknown}
 j - a scroll of magic mapping {unknown}
 n - a scroll of poison {unknown}
 o - a scroll of summoning {unknown}
 p - a scroll of identify {unknown}
Potions
 k - 2 potions of curing {unknown}


   Skills:
 + Level 5.9 Fighting
 + Level 0.8 Maces & Flails
 + Level 1.8 Armour
 + Level 0.7 Dodging
 + Level 1.2 Stealth
 + Level 3.1 Shields


You had 3 spell levels left.
You didn't know any spells.
Your spell library contained the following spells:

 Spells                   Type           Power      Damage    Failure   Level
 Sandblast                Erth           0%         2d4       67%         1
 Ensorcelled Hibernation  Hex/Ice        0%         N/A       80%         2
 Passwall                 Tmut/Erth      0%         N/A       80%         2
 Stone Arrow              Conj/Erth      0%         3d7       95%         3
 Anguish                  Hex/Necr       0%         N/A       100%        4
 Spider Form              Tmut/Pois      Unusable   N/A       N/A         3

Dungeon Overview and Level Annotations

Branches:
Dungeon (3/15)

Altars:
Nemelex Xobeh


Innate Abilities, Weirdness & Mutations

You are immune to poison.
You have sharp fingernails.
Your flesh is cold resistant. (rC+)
You are immune to negative energy. (rN+++)
You do not regenerate when monsters are visible.
You are immune to unholy pain and torment.
You thrive by killing the living.


Message History

You are too confused!
You are too confused!
You are too confused!
You are too confused!
You are too confused!
You are too confused!
You are too confused!
You are too confused!
You are too confused!
You are too confused!
You are too confused!
You are too confused!
You are too confused!
You are too confused!
You are too confused!
You are too confused!
You are too confused!
You are too confused!
You are too confused!
You are too confused!
Unknown command.
You are too confused!
You are too confused!
You are too confused!
You are too confused!
You are too confused!
You are too confused!
You are too confused!
You are too confused!
You are too confused!
You are too confused!
You miss something.
You feel less confused. You block something's attack.
You hit something but do no damage. Something hits you.
* * * LOW HITPOINT WARNING * * *
You miss something.
An orc wizard appears from thin air!
Reactivating autopickup.
The orc wizard hits you with a +0 dagger.
You die...

#<# #.#
#.#
##.#
#.$#
#.##
#.# #
##)##.#
+.o@..+
##.##.#
#.. #
#...
#....
#....#
#....#
#.....


You could see an orc wizard.

Vanquished Creatures
  3 dart slugs
  2 orcs (D:3)
  7 endoplasms
  6 giant cockroaches
  2 goblins
  6 hobgoblins
  2 quokkas
  6 ball pythons (D:1)
  3 bats
  4 kobolds
  4 rats
45 creatures vanquished.

Notes
Turn   | Place    | Note
-------+----------+-------------------------------------------
     0 | D:1      | hbarley the Ghoul Wanderer began the quest for the Orb.
     0 | D:1      | hbarley set off with the following items: a +0 club, a
                  | scroll of fog, a +0 cloak, a scroll of teleportation, a +0
                  | leather armour, a +2 buckler.
     0 | D:1      | Reached XP level 1. HP: 23/23 MP: 0/0
   108 | D:1      | Reached XP level 2. HP: 26/30 MP: 1/1
   485 | D:1      | Reached XP level 3. HP: 26/37 MP: 2/2
   955 | D:2      | Found a sparkling altar of Nemelex Xobeh.
  1444 | D:2      | Found a faded altar of an unknown god.
  1904 | D:3      | Reached XP level 4. HP: 25/44 MP: 3/3
  1923 | D:3      | HP: 2/44 [something (2)]
  1924 | D:3      | Slain by an orc wizard

Illustrated notes

Levels and vault maps discovered:
D:1:      lightli_arrival_boilingwater, layout_basic, serial_curves,
          eino_curves_04, eino_curves_01, eino_curves_03, eino_curves_01
D:2:      layout_loops_corners, basic_altar,
          shapermc_ecumenical_altar_notcrosses
D:3:      layout_basic, uniq_crazy_yiuf_cottage

Skill      XL: |  1  2  3 |
---------------+----------+-----
Shields        | 3 |  3.1
Fighting       | |  5.9
Maces & Flails | |  0.8
Armour         | |  1.8
Dodging        | |  0.7
Stealth        | |  1.2

Action                     |  1- 3 |  4- 6 || total
---------------------------+-------+-------++-------
  Melee: Club              |   223 |    17 ||   240
   Stab: Sleeping          |     3 |       ||     3
 Armour: Leather armour    |    81 |    16 ||    97
  Dodge: Dodged            |   105 |     6 ||   111
  Block: Buckler           |    83 |     8 ||    91

Table legend: (Time is in decaauts)
 A = Elapsed time spent in this place.
 B = Non-inter-level travel time spent in this place.
 C = Inter-level travel time spent in this place.
 D = Time resting spent in this place.
 E = Time spent auto-exploring this place.
 F = Levels seen in this place.
 G = Mean time per level.
                   A        B        C        D        E       F      G
               +--------+--------+--------+--------+--------+-----+--------+
         Total |   2005 |   1851 |    154 |    138 |   1224 |   3 |  668.3 |
       Dungeon |   2005 |   1851 |    154 |    138 |   1224 |   3 |  668.3 |
               +--------+--------+--------+--------+--------+-----+--------+

Top non-repeatable levels by time:
     D:1: 998 daAuts
     D:2: 964 daAuts
     D:3: 41 daAuts
